 Dungeon Crawl Stone Soup version 0.30-a0-4-ga7cffc901d (webtiles) character file.

Game seed: 17097049483293241543

488 greasedhog the Cutter (level 7, -11/44 HPs)
             Began as a Gargoyle Wanderer on Aug 21, 2022.
             Killed by divine providence
             ... invoked by an orc priest
              (14 damage)
             ... on level 5 of the Dungeon.
             The game lasted 00:06:38 (4937 turns).

greasedhog the Cutter (Gargoyle Wanderer)           Turns: 4937, Time: 00:06:39

Health: -11/44     AC: 15    Str: 16 (19) XL:     7   Next: 13%
Magic:  7/7        EV:  8    Int:  7 (9)  God:
Gold:   210        SH:  2    Dex:  8 (11) Spells: 6/6 levels left

rFire   . . .      SeeInvis .    a - +3 short sword
rCold   . . .      Faith    .    s - +0 buckler
rNeg    + . .      Spirit   .    b - +0 scale mail
rPois   ∞          Reflect  .    n - +2 helmet
rElec   +          Harm     .    o - +0 cloak
rCorr   .          Rampage  .    (no gloves)
Will    .....                    (no boots)
Stlth   +.........               (no amulet)
HPRegen 0.14/turn                (no ring)
MPRegen 0.10/turn                (no ring)

@: no status effects
A: sickness immunity, AC +4, negative energy resistance 1, electricity
resistance, torment resistance 1, petrification resistance
a: no special abilities


You were on level 5 of the Dungeon.
You visited 2 branches of the dungeon, and saw 6 of its levels.

You collected 252 gold pieces.
You spent 42 gold pieces at shops.

Inventory:

Hand Weapons
 a - a +3 short sword (weapon)
 v - a +0 rapier
Armour
 b - a +0 scale mail (worn)
 n - a +2 helmet (worn)
 o - a +0 cloak (worn)
 s - a +0 buckler (worn)
Wands
 q - a wand of roots (4)
Scrolls
 c - a scroll of fear
 e - a scroll of enchant armour {unknown}
 f - a scroll of magic mapping
 g - 2 scrolls of poison
 h - 3 scrolls of enchant weapon {unknown}
 j - 3 scrolls of teleportation
 p - a scroll of butterflies
 t - a scroll of immolation {unknown}
 u - a scroll of identify
Potions
 d - a potion of might {unknown}
 i - a potion of degeneration
 k - 2 potions of attraction {unknown}
 l - 2 potions of heal wounds {unknown}
 m - a potion of ambrosia {unknown}


   Skills:
 - Level 5.2 Fighting
 * Level 5.7 Short Blades
 - Level 2.1 Armour
 * Level 5.4 Stealth


You had 6 spell levels left.
You didn't know any spells.
Your spell library contained the following spells:

 Spells                   Type           Power      Damage    Failure   Level
 Magic Dart               Conj           0%         1d3       93%         1
 Call Imp                 Summ           0%         N/A       98%         2
 Scorch                   Fire           0%         2d5       98%         2
 Mephitic Cloud           Conj/Pois/Air  0%         N/A       100%        3
 Flame Wave               Conj/Fire      0%         2d4       100%        4
 Summon Cactus Giant      Summ           0%         N/A       100%        6


Dungeon Overview and Level Annotations

Branches:
Dungeon (5/15)             Temple (1/1) D:4

Altars:
Ashenzari
Cheibriados
Elyvilon
Fedhas
Nemelex Xobeh
Okawaru
Qazlal
Sif Muna
Trog
Uskayaw
Wu Jian
Xom
Yredelemnul
Zin

Shops:
D:3 !


Innate Abilities, Weirdness & Mutations

You are immune to sickness and miasma.
Your stone body is resilient. (AC +4)
You are immune to poison.
You resist negative energy. (rN+)
You are resistant to electric shocks. (rElec)
You are resistant to unholy torment.
You are immune to petrification.


Message History

* * * LOW HITPOINT WARNING * * *
You hit the orc.
You kill the orc!
You hit the orc priest but do no damage.
The orc priest is heavily wounded.
You barely miss the orc priest.
The orc priest is heavily wounded.
The orc priest calls down the wrath of Beogh upon you.
Pain shoots through your body!
* * * LOW HITPOINT WARNING * * *
You feel better. The orc priest barely misses you.
You hit the orc priest but do no damage.
The orc priest is heavily wounded.
You block the orc priest's attack.
You hit the orc priest.
The orc priest is heavily wounded.
The orc priest closely misses you.
You hit the orc priest but do no damage.
The orc priest is heavily wounded.
The orc priest hits you but does no damage.
You closely miss the orc priest.
The orc priest is heavily wounded.
The orc priest hits you but does no damage.
You hit the orc priest.
The orc priest is severely wounded.
You block the orc priest's attack.
You hit the orc priest but do no damage.
The orc priest is severely wounded.
The orc priest begins to cast a cantrip, but forgets the words!
You hit the orc priest but do no damage.
The orc priest is severely wounded.
The orc priest invokes the aid of Beogh against you.
Beogh smites you!
* * * LOW HITPOINT WARNING * * *
It was a potion of degeneration.
There was something very wrong with that liquid.
You feel weakened.
You feel dopey.
You feel clumsy.
The orc priest calls down the wrath of Beogh upon you.
Beogh smites you!
You die...

####.#....# #....####)##.#
#.##.#.####....##.)....#
####.##.#.........##......#
..)...#.#.........##......#
####.##.#......>..##......#
####.#.........##......#
#######.#.##########......#
......#.#.# #######......#
#####.#.#.# #.o@.........# #
#.#.#.# #.#####......# # #.#^#.#
#.#...#.#'##.#.# ### #.#.#.#
#o#.#.#.#.##.#.# ..# #.#.#.#
#.#.#.#.#.##.#.##... #.# #.#.#.#
#o#.#.#.#.##........ #.###.#.#.#
#.....#.#......#####
#.......#.####.....#....#.#.....
#####......o.......#.#.......####


You could see an orc priest.

Vanquished Creatures
  An ogre (D:4)
  A scorpion (D:5)
  A jelly (D:5)
  A hound (D:4)
  2 orc priests
  An iguana (D:4)
  3 orc wizards
  Robin (D:2)
  An adder (D:3)
  An ufetubus (D:4)
  2 worms
  A dart slug (D:1)
  9 orcs
  7 ball pythons
  4 endoplasms
  7 giant cockroaches
  16 goblins
  6 hobgoblins
  9 quokkas
  8 bats
  3 frilled lizards
  3 kobolds
  5 rats
93 creatures vanquished.

Notes
Turn   | Place    | Note
-------+----------+-------------------------------------------
     0 | D:1      | greasedhog the Gargoyle Wanderer began the quest for the
                  | Orb.
     0 | D:1      | greasedhog set off with the following items: a +3 short
                  | sword, a +0 scale mail, a scroll of fear.
     0 | D:1      | Reached XP level 1. HP: 16/16 MP: 1/1
   187 | D:1      | Reached XP level 2. HP: 9/20 MP: 2/2
   478 | D:1      | Reached skill level 5 in Fighting
   696 | D:1      | Reached XP level 3. HP: 24/26 MP: 3/3
  1517 | D:2      | Found a stormy altar of Qazlal.
  1668 | D:2      | Reached skill level 1 in Stealth
  1876 | D:2      | Found a faded altar of an unknown god.
  1980 | D:2      | Noticed Robin
  2001 | D:2      | Killed Robin
  2002 | D:2      | Reached XP level 4. HP: 17/31 MP: 4/4
  2382 | D:3      | Found Pane's Distillery.
  2430 | D:3      | Bought a potion of curing for 42 gold pieces
  2433 | D:3      | Found a broken altar of Ashenzari.
  2442 | D:3      | Found a snail-covered altar of Cheibriados.
  2907 | D:3      | Reached XP level 5. HP: 10/35 MP: 5/5
  3196 | D:4      | Found a staircase to the Ecumenical Temple.
  3211 | Temple   | Entered the Ecumenical Temple
  3610 | D:4      | Noticed an ogre
  3797 | D:4      | Found a bloodstained altar of Trog.
  3976 | D:4      | Reached skill level 5 in Short Blades
  3976 | D:4      | Reached XP level 6. HP: 37/40 MP: 6/6
  4196 | D:5      | Entered Level 5 of the Dungeon
  4507 | D:5      | Reached skill level 5 in Stealth
  4763 | D:5      | Reached XP level 7. HP: 37/44 MP: 7/7
  4937 | D:5      | Killed from afar by an orc priest

Illustrated notes

Levels and vault maps discovered:
D:1:      sevenhm_arrival_forest_fort_large_4, layout_loops_cross, minmay_cupped
D:2:      layout_loops_ring, shapermc_ecumenical_altar_totnotflames,
          basic_altar, minmay_misc_feat_diagonals, kennysheep_doodads,
          nrook_uturn, dreamdust_princess_corridor, minmay_crystal_room,
          uniq_robin
D:3:      layout_rooms, grunt_temple_overflow_open, serial_shops, shop
D:4:      minmay_door_path, layout_cave_pools, mainiacjoe_overflow_alcove_1,
          minmay_temple_entry_drinking_statues
D:5:      layout_basic, nicolae_hepliaklqana_monster_ancestors
Temple:   chequers_temple_sunken

Skill      XL: |  1  2  3  4  5  6 |
---------------+-------------------+-----
Fighting       | 5 |  5.2
Stealth        | 1 2 4 5 |  5.4
Short Blades   | 4 5 |  5.7
Armour         | |  2.1

Action                   |  1- 3 |  4- 6 |  7- 9 || total
-------------------------+-------+-------+-------++-------
Melee: Short sword       |   131 |   232 |    26 ||   389
       Punch             |     1 |       |       ||     1
Evoke: Wand              |       |     3 |     1 ||     4
  Use: Scroll            |     1 |     4 |       ||     5
       Potion            |       |       |     2 ||     2
 Stab: Sleeping          |       |       |     1 ||     1
Armor: Scale mail        |    74 |   149 |    14 ||   237
Dodge: Dodged            |    67 |    92 |     8 ||   167
Block: Buckler           |       |    16 |     5 ||    21

Table legend: (Time is in decaauts)
 A = Elapsed time spent in this place.
 B = Non-inter-level travel time spent in this place.
 C = Inter-level travel time spent in this place.
 D = Time resting spent in this place.
 E = Time spent auto-exploring this place.
 F = Levels seen in this place.
 G = Mean time per level.
                   A        B        C        D        E       F      G
               +--------+--------+--------+--------+--------+-----+--------+
         Total |   4949 |   4804 |    145 |    578 |   3375 |   6 |  824.8 |
       Dungeon |   4678 |   4533 |    145 |    578 |   3120 |   5 |  935.6 |
        Temple |    271 |    271 |      0 |      0 |    255 |   1 |  271.0 |
               +--------+--------+--------+--------+--------+-----+--------+

Top non-repeatable levels by time:
     D:1: 1178 daAuts
     D:2: 1175 daAuts
     D:4: 881 daAuts
     D:5: 730 daAuts
     D:3: 712 daAuts
  Temple: 271 daAuts
